 Dungeon Crawl Stone Soup version 0.23.2-30-g0e89c35649 (webtiles) character file.

Game seed: 8767474081759331090

144 Mrkan the Skirmisher (level 5, -2/33 HPs)
             Began as a Gargoyle Fighter on June 24, 2019.
             Was a Follower of Wu Jian.
             Slain by a scorpion (6 damage)
             ... on level 4 of the Dungeon.
             The game lasted 00:03:11 (2164 turns).

Mrkan the Skirmisher (Gargoyle Fighter)             Turns: 2164, Time: 00:03:12

Health: -2/33      AC: 14    Str: 26    XL:     5   Next: 27%
Magic:  5/5        EV:  6    Int:  8    God:    Wu Jian [*.....]
Gold:   84         SH: 10    Dex:  9    Spells: 4/4 levels left

rFire    . . .     SeeInvis .   a - +0 flail
rCold    . . .     Gourm    .   c - +0 shield
rNeg     + . .     Faith    .   x - +0 chain mail
rPois    ∞         Spirit   .   (no helmet)
rElec    +         Reflect  .   m - +0 cloak
rCorr    .         Harm     .   (no gloves)
MR       .....                  (no boots)
Stlth    ..........             (no amulet)
HPRegen  0.11/turn              (no ring)
MPRegen  0.09/turn              (no ring)

@: mighty
A: negative energy resistance 1, electricity resistance, unbreathing,
petrification resistance, rot immunity, AC +4
a: Renounce Religion


You were on level 4 of the Dungeon.
You worshipped Wu Jian.
Wu Jian was aware of your devotion.
You were very hungry.

You visited 1 branch of the dungeon, and saw 4 of its levels.

You collected 84 gold pieces.

Inventory:

Hand Weapons
 a - a +0 flail (weapon)
Armour
 c - a +0 shield (worn)
 m - a +0 cloak (worn)
 x - a +0 chain mail (worn)
Jewellery
 o - an uncursed ring of protection from magic {unknown}
 q - an uncursed ring of poison resistance {unknown}
Wands
 v - a wand of digging (8)
Scrolls
 g - a scroll of random uselessness {unknown}
 j - a scroll of fog {unknown}
 l - a scroll of identify {unknown}
 r - a scroll of enchant weapon {unknown}
 s - 3 scrolls of remove curse {unknown}
Potions
 d - a potion of might
 e - a potion of curing {unknown}
 h - a potion of magic {unknown}
 i - 2 potions of invisibility {unknown}
 k - a potion of haste {unknown}
 n - a potion of mutation {unknown}
 p - a potion of heal wounds {unknown}
 t - a potion of flight {unknown}
 u - 2 potions of resistance {unknown}
 w - a potion of brilliance {unknown}
Comestibles
 f - 5 rations


   Skills:
 + Level 4.2 Fighting
 * Level 4.0 Maces & Flails
 - Level 3.2 Armour
 + Level 4.2 Shields


You had 4 spell levels left.
You didn't know any spells.
Your spell library was empty.

Dungeon Overview and Level Annotations

Branches:
Dungeon (4/15)
 Temple: D:4-7

Altars:
Gozag
Hepliaklqana
Trog
Uskayaw
Wu Jian


Innate Abilities, Weirdness & Mutations

You are resistant to torment.
Your stone body is resilient. (AC +4)
You are immune to poison.
You resist negative energy. (rN+)
You are resistant to electric shocks. (rElec)
You can survive without breathing.
You are immune to petrification.
You are immune to rotting.


Message History

You block the jackal's attack.
You closely miss the jackal.
The jackal bites you but does no damage.
The scorpion stings you.
* * * LOW HITPOINT WARNING * * *
You block the jackal's attack.
You barely miss the jackal. You block the jackal's attack.
The scorpion stings you.
* * * LOW HITPOINT WARNING * * *
You block the jackal's attack.
The scorpion stings you but does no damage.
You miss the jackal.
The jackal bites you but does no damage.
You block the jackal's attack. You block the scorpion's attack.
You closely miss the jackal. You block the jackal's attack.
The scorpion stings you but does no damage.
You block the jackal's attack.
You barely miss the jackal. You block the jackal's attack.
The scorpion stings you.
You die...

#..#### .# #
#.....# .#...#
#.....# ..#.##
#.....###.....
#.......>.#..#
#......<...###
#.#.........Z..#
#.....†.####h#.#
##.#..##..†s@#
#.....###.#
.......## #.#
.#..... #..
##...... ....
##..... ..)..
....$.. ......
####... ........


You could see a scorpion, a jackal and a quokka skeleton.

Vanquished Creatures
  A bullfrog skeleton (D:4)
  4 adders
  2 oozes (D:3)
  3 worms (D:2)
  A dart slug (D:2)
  3 leopard geckos
  2 orcs
  A ball python (D:3)
  6 bats
  A giant cockroach (D:1)
  5 goblins
  4 hobgoblins
  11 jackals
  4 kobolds
  A quokka (D:2)
  A frilled lizard (D:2)
  4 rats
54 creatures vanquished.

Notes
Turn   | Place    | Note
-------+----------+-------------------------------------------
     0 | D:1      | Mrkan the Gargoyle Fighter began the quest for the Orb.
     0 | D:1      | Reached XP level 1. HP: 14/14 MP: 1/1
   275 | D:1      | Reached XP level 2. HP: 19/19 MP: 2/2
   573 | D:2      | Found an ornate altar of the Wu Jian Council.
   605 | D:2      | Became a worshipper of the Wu Jian Council
   698 | D:2      | Reached XP level 3. HP: 23/23 MP: 3/3
   774 | D:2      | Found a bloodstained altar of Trog.
  1294 | D:3      | Reached XP level 4. HP: 29/29 MP: 4/4
  1535 | D:3      | Reached * piety under Wu Jian
  1578 | D:3      | Found a hide-covered altar of Uskayaw.
  1578 | D:3      | Found a hazy altar of Hepliaklqana.
  1722 | D:3      | Found an opulent altar of Gozag.
  2131 | D:4      | Reached XP level 5. HP: 25/33 MP: 5/5
  2164 | D:4      | Slain by a scorpion

Skill      XL: |  1  2  3  4  5 |
---------------+----------------+-----
Maces & Flails | 3 4 |  4.0
Shields        | 4 |  4.2
Fighting       | 4 |  4.2
Armour         | |  3.2

Action                   |  1- 3 |  4- 6 || total
-------------------------+-------+-------++-------
Melee: Flail             |    90 |   125 ||   215
Invok: Lunge             |     7 |     3 ||    10
       Whirlwind         |       |     2 ||     2
  Use: Potion            |       |     1 ||     1
  Eat: Chunk             |     1 |     2 ||     3
Armor: Scale mail        |    39 |    52 ||    91
       Chain mail        |       |    83 ||    83
Dodge: Dodged            |    18 |    55 ||    73
Block: Shield            |    49 |   103 ||   152
